 Dungeon Crawl Stone Soup version 0.21.0-3-g78d12a8 (webtiles) character file.

5936 Megalobster the Magician (level 10, -27/79 HPs)
             Began as a Gnoll Skald on Jan 17, 2018.
             Was an Elder of Nemelex Xobeh.
             Annihilated by melvinkitnick's ghost (30 damage)
             ... on level 10 of the Dungeon.
             The game lasted 00:28:31 (8475 turns).

Megalobster the Magician (Gnoll Skald)              Turns: 8475, Time: 00:28:31

Health: -27/79     AC: 14    Str: 21    XL:     10   Next: 83%
Magic:  10/21      EV: 15    Int: 20    God:    Nemelex Xobeh [****..]
Gold:   256        SH:  8    Dex: 18    Spells: 8/24 levels left

rFire    . . .     SeeInvis .   a - +4 war axe "Aripil" {chop, rC+ Int+5 Dex+2}
rCold    + + .     Gourm    .   e - +2 buckler
rNeg     . . .     Faith    .   L - +4 scale mail
rPois    .         Spirit   .   H - +0 helmet
rElec    .         Reflect  .   y - +0 cloak
rCorr    .         Harm     .   (no gloves)
MR       .....                  (no boots)
Stlth    +++.......             (no amulet)
HPRegen  0.23/turn              T - ring of protection from cold
MPRegen  0.17/turn              p - ring of stealth

@: mighty, infused, singing
A: distributed training, fangs 1, strong nose
a: Triple Draw, Deal Four, Renounce Religion


You were on level 10 of the Dungeon.
You worshipped Nemelex Xobeh.
Nemelex Xobeh was greatly pleased with you.
You were not hungry.

You visited 2 branches of the dungeon, and saw 11 of its levels.

You collected 460 gold pieces.
You spent 204 gold pieces at shops.

Inventory:

Hand Weapons
 a - the +4 war axe "Aripil" (weapon) {chop, rC+ Int+5 Dex+2}
   (You bought it in a shop on level 4 of the Dungeon)

   It inflicts extra damage upon your enemies.
   It affects your intelligence (+5).
   It affects your dexterity (+2).
   It protects you from cold.
 b - a +0 hunting sling
 P - a +1 vampiric falchion
 Z - a +1 short sword of speed
Missiles
 i - 2 throwing nets {!f}
 q - 7 javelins
 s - 266 stones
 t - 8 tomahawks (quivered)
 x - 4 steel tomahawks
 F - 92 sling bullets
Armour
 e - a +2 buckler (worn)
 y - a +0 cloak (worn)
 H - a +0 helmet (worn)
 L - a +4 scale mail (worn)
Jewellery
 p - a ring of stealth (right hand)
 T - a ring of protection from cold (left hand)
Wands
 v - a wand of disintegration (14)
 J - a wand of flame (20)
 V - a wand of acid (4)
Scrolls
 g - 8 scrolls of remove curse {@r2}
 j - 6 scrolls of teleportation
 l - 2 scrolls of fear {unknown}
 n - 2 scrolls of random uselessness {unknown}
 r - 2 scrolls of enchant weapon {unknown}
 w - 2 scrolls of amnesia {unknown}
 O - 2 scrolls of enchant armour {unknown}
 R - a scroll of magic mapping {unknown}
 X - a scroll of blinking {unknown}
Potions
 f - 3 potions of lignification
 m - 3 potions of heal wounds {unknown}
 o - 2 potions of agility
 u - a potion of mutation {unknown}
 z - a potion of flight {unknown}
 A - a potion of invisibility {unknown}
 B - a potion of resistance {unknown}
 C - a potion of brilliance {unknown}
 D - a potion of haste {unknown}
 E - 3 potions of curing {unknown}
 N - a potion of berserk rage {unknown}
 Q - a potion of might
Books
 c - a book of Battle

   Spells                             Type                      Level
   a - Infusion                       Charms                       1
   b - Shroud of Golubria             Charms/Translocation         2
   c - Song of Slaying                Charms                       2
   d - Spectral Weapon                Hexes/Charms                 3
   e - Regeneration                   Charms/Necromancy            3
 W - a book of Minor Magic

   Spells                             Type                      Level
   a - Magic Dart                     Conjuration                  1
   b - Blink                          Translocation                2
   c - Call Imp                       Summoning                    2
   d - Slow                           Hexes                        2
   e - Conjure Flame                  Conjuration/Fire             3
   f - Mephitic Cloud                 Conjuration/Poison/Air       3
Miscellaneous
 k - an ornate deck of destruction
 G - a plain deck of destruction {drawn: 3}
 I - a plain deck of escape
 M - a plain deck of escape
 S - an ornate deck of escape
 U - a plain deck of destruction
Comestibles
 d - 14 rations


   Skills:
 + Level 7.3 Fighting
 + Level 5.5 Short Blades
 + Level 5.5 Long Blades
 + Level 7.3 Axes
 + Level 5.5 Maces & Flails
 + Level 5.5 Polearms
 + Level 5.5 Staves
 + Level 5.5 Slings
 + Level 5.5 Bows
 + Level 5.5 Crossbows
 + Level 5.5 Throwing
 + Level 6.2 Armour
 + Level 7.3 Dodging
 + Level 5.5 Stealth
 + Level 5.5 Shields
 + Level 5.5 Unarmed Combat
 + Level 7.5 Spellcasting
 + Level 4.5 Conjurations
 + Level 4.5 Hexes
 + Level 7.2 Charms
 + Level 4.5 Summonings
 + Level 4.5 Necromancy
 + Level 4.5 Translocations
 + Level 4.5 Transmutations
 + Level 4.5 Fire Magic
 + Level 4.5 Ice Magic
 + Level 4.5 Air Magic
 + Level 4.5 Earth Magic
 + Level 4.5 Poison Magic
 + Level 6.1 Invocations
 + Level 5.5 Evocations


You had 8 spell levels left.
You knew the following spells:

 Your Spells              Type           Power        Failure   Level  Hunger
a - Infusion              Chrm           ####         1%          1    None
b - Song of Slaying       Chrm           #####...     1%          2    None
c - Shroud of Golubria    Chrm/Tloc      ####......   3%          2    None
d - Regeneration          Chrm/Necr      ####......   6%          3    None
e - Spectral Weapon       Hex/Chrm       ####....     6%          3    None
f - Blink                 Tloc           N/A          4%          2    None
g - Mephitic Cloud        Conj/Pois/Air  ####....     10%         3    None


Dungeon Overview and Level Annotations

Branches:
Dungeon (10/15)            Temple (1/1) D:6
   Lair: D:8-11         Orc: D:9-12

Altars:
Ashenzari
Cheibriados
Dithmenos
Elyvilon
Fedhas
Gozag
Hepliaklqana
Kikubaaqudgha
Makhleb
Nemelex Xobeh
Okawaru
Qazlal
Ru
Sif Muna
Trog
Uskayaw
Vehumet
Wu Jian
Xom
Yredelemnul
Zin
The Shining One

Shops:
D:4 (

Annotations:
D:10 melvinkitnick's ghost, journeyman TrMo


Innate Abilities, Weirdness & Mutations

Your experience applies equally to all skills.
You have very sharp teeth.
Your uncanny sense of smell can sniff out nearby items.


Message History

Your Invocations skill increases to level 6!
You hit melvinkitnick's ghost.
You block melvinkitnick's ghost's attack.
You slash melvinkitnick's ghost!
Melvinkitnick's ghost is severely damaged.
You block melvinkitnick's ghost's attack.
You slash melvinkitnick's ghost!
Melvinkitnick's ghost is almost destroyed.
You block melvinkitnick's ghost's attack.
You now have 10/21 mp.
You barely miss melvinkitnick's ghost.
Melvinkitnick's ghost is almost destroyed.
Melvinkitnick's ghost hits you!
* * * LOW HITPOINT WARNING * * *
You take 9 damage, and have 3/79 hp.
You closely miss melvinkitnick's ghost.
Melvinkitnick's ghost is almost destroyed.
Melvinkitnick's ghost hits you!!
You die...
Your body glows slightly and disappears.

....:##..# #####...##
......#..#
###........#
.........#
#...........
.........###
#...........
...........###
#...........
.....hO...>..###
#...........
...............####
#..........
........####...W..###
#.........< ..h....##
####)@...###..........
......[#
####...............
.......#
####............
.....#.. ####.........
.....#..# ##........
....###.. #####....
.... ..# ####. ..##
#.. .. #.#


You could see melvinkitnick's ghost.

Vanquished Creatures
  A two-headed ogre (D:10)
  The ghost of Megalobster the Charmwright, a novice GnSk (D:5)
  A kobold demonologist (D:9)
  2 wyverns (D:9)
  A yak (D:9)
  A hungry ghost (D:9)
  A water moccasin (D:5)
  5 orc warriors
  A sky beast (D:9)
  4 ogres
  6 centaurs
  7 big kobolds
  4 bullfrogs
  A gnoll sergeant (D:9)
  A water moccasin zombie (D:7)
  3 scorpions
  2 howler monkeys
  A bullfrog zombie (D:8)
  2 crimson imps
  5 hounds
  10 orc wizards
  4 orc priests
  2 bullfrog skeletons
  Jessica (D:3)
  5 iguanas
  Natasha (twice) (D:4)
  5 worker ants
  A hound skeleton (D:10)
  3 worker ant zombies
  Robin (D:3)
  A howler monkey skeleton (D:6)
  6 gnolls
  8 adders
  A shadow imp (D:5)
  An ooze (D:1)
  2 worms
  2 dart slugs (D:2)
  3 leopard geckos
  33 orcs
  A ball python (D:5)
  8 bats
  5 giant cockroaches
  19 goblins
  10 hobgoblins
  14 jackals
  4 quokkas
  5 frilled lizards
  A jackal zombie (D:5)
  20 kobolds
  2 quokka skeletons
  5 rats
235 creatures vanquished.

Vanquished Creatures (collateral kills)
  3 yaks (D:9)
  4 kobolds (D:9)
7 creatures vanquished.

Vanquished Creatures (others)
  A spectral weapon (D:9)
1 creature vanquished.

Grand Total: 243 creatures vanquished

Notes
Turn   | Place    | Note
-------+----------+-------------------------------------------
     0 | D:1      | Megalobster the Gnoll Skald began the quest for the Orb.
     0 | D:1      | Reached XP level 1. HP: 20/20 MP: 6/6
   140 | D:1      | Reached XP level 2. HP: 24/26 MP: 7/7
   674 | D:1      | Learned a level 2 spell: Song of Slaying
   677 | D:1      | Learned a level 2 spell: Shroud of Golubria
   915 | D:2      | Reached XP level 3. HP: 24/31 MP: 9/9
  1000 | D:2      | Reached skill level 5 in Spellcasting
  1123 | D:2      | Reached skill level 1 in Invocations
  1371 | D:2      | Reached skill level 1 in Short Blades
  1371 | D:2      | Reached skill level 1 in Long Blades
  1371 | D:2      | Reached skill level 1 in Maces & Flails
  1371 | D:2      | Reached skill level 1 in Polearms
  1371 | D:2      | Reached skill level 1 in Staves
  1371 | D:2      | Reached skill level 1 in Slings
  1371 | D:2      | Reached skill level 1 in Bows
  1371 | D:2      | Reached skill level 1 in Crossbows
  1371 | D:2      | Reached skill level 1 in Throwing
  1371 | D:2      | Reached skill level 1 in Stealth
  1371 | D:2      | Reached skill level 1 in Shields
  1371 | D:2      | Reached skill level 1 in Unarmed Combat
  1371 | D:2      | Reached skill level 1 in Evocations
  1642 | D:3      | Reached XP level 4. HP: 32/38 MP: 6/11
  1762 | D:3      | Noticed Jessica
  1770 | D:3      | Killed Jessica
  1770 | D:3      | Reached skill level 1 in Conjurations
  1770 | D:3      | Reached skill level 1 in Hexes
  1770 | D:3      | Reached skill level 1 in Summonings
  1770 | D:3      | Reached skill level 1 in Necromancy
  1770 | D:3      | Reached skill level 1 in Translocations
  1770 | D:3      | Reached skill level 1 in Transmutations
  1770 | D:3      | Reached skill level 1 in Fire Magic
  1770 | D:3      | Reached skill level 1 in Ice Magic
  1770 | D:3      | Reached skill level 1 in Air Magic
  1770 | D:3      | Reached skill level 1 in Earth Magic
  1770 | D:3      | Reached skill level 1 in Poison Magic
  1940 | D:3      | Found a sparkling altar of Nemelex Xobeh.
  1955 | D:3      | Became a worshipper of Nemelex Xobeh the Trickster
  2080 | D:3      | Reached XP level 5. HP: 39/43 MP: 6/12
  2088 | D:3      | Noticed Robin
  2102 | D:3      | Killed Robin
  2202 | D:3      | Received a gift from Nemelex Xobeh
  2205 | D:3      | Found a hazy altar of Hepliaklqana.
  2330 | D:3      | Noticed an ogre
  2345 | D:3      | Killed an ogre
  2345 | D:3      | Reached XP level 6. HP: 37/50 MP: 0/13
  2593 | D:4      | Found Xaf Qinn's Antique Weapon Boutique.
  2908 | D:4      | Reached skill level 5 in Fighting
  2908 | D:4      | Reached skill level 5 in Axes
  2908 | D:4      | Reached skill level 5 in Dodging
  3170 | D:4      | Reached * piety under Nemelex Xobeh
  3184 | D:4      | Bought a jewelled war axe for 204 gold pieces
  3184 | D:4      | Identified the +4 war axe "Aripil" {chop, rC+ Int+5 Dex+2} (You bought it in a shop on level 4 of the Dungeon)
  3197 | D:4      | Noticed Natasha
  3206 | D:4      | Killed Natasha
  3403 | D:4      | Noticed Natasha
  3410 | D:4      | Killed Natasha
  3543 | D:5      | Entered Level 5 of the Dungeon
  3578 | D:5      | Reached XP level 7. HP: 56/56 MP: 15/15
  3701 | D:5      | Noticed Megalobster's ghost (novice GnSk)
  3720 | D:5      | Killed Megalobster's ghost
  3720 | D:5      | Reached XP level 8. HP: 63/63 MP: 12/16
  3725 | D:5      | Learned a level 3 spell: Regeneration
  3729 | D:5      | Learned a level 3 spell: Spectral Weapon
  4600 | D:6      | Received a gift from Nemelex Xobeh
  4697 | D:6      | Found a staircase to the Ecumenical Temple.
  4714 | Temple   | Entered the Ecumenical Temple
  4719 | Temple   | Reached ** piety under Nemelex Xobeh
  5073 | D:6      | Learned a level 2 spell: Blink
  5077 | D:6      | Learned a level 3 spell: Mephitic Cloud
  5103 | D:7      | Reached XP level 9. HP: 67/69 MP: 16/18
  5535 | D:7      | Received a gift from Nemelex Xobeh
  5707 | D:7      | Reached *** piety under Nemelex Xobeh
  6188 | D:8      | Reached skill level 5 in Armour
  6204 | D:8      | Received a gift from Nemelex Xobeh
  6576 | D:8      | Reached skill level 5 in Invocations
  6647 | D:8      | Found a blossoming altar of Fedhas.
  6902 | D:8      | Reached **** piety under Nemelex Xobeh
  7423 | D:9      | Received a gift from Nemelex Xobeh
  7461 | D:9      | Reached XP level 10. HP: 77/77 MP: 10/20
  7464 | D:9      | Noticed a kobold demonologist
  7477 | D:9      | Killed a kobold demonologist
  7477 | D:9      | Reached skill level 5 in Short Blades
  7477 | D:9      | Reached skill level 5 in Long Blades
  7477 | D:9      | Reached skill level 5 in Maces & Flails
  7477 | D:9      | Reached skill level 5 in Polearms
  7477 | D:9      | Reached skill level 5 in Staves
  7477 | D:9      | Reached skill level 5 in Slings
  7477 | D:9      | Reached skill level 5 in Bows
  7477 | D:9      | Reached skill level 5 in Crossbows
  7477 | D:9      | Reached skill level 5 in Throwing
  7477 | D:9      | Reached skill level 5 in Stealth
  7477 | D:9      | Reached skill level 5 in Shields
  7477 | D:9      | Reached skill level 5 in Unarmed Combat
  7477 | D:9      | Reached skill level 5 in Evocations
  8009 | D:9      | Received a gift from Nemelex Xobeh
  8077 | D:9      | Found a snail-covered altar of Cheibriados.
  8400 | D:10     | Entered Level 10 of the Dungeon
  8448 | D:10     | Noticed melvinkitnick's ghost (journeyman TrMo)
  8450 | D:10     | Noticed a two-headed ogre
  8471 | D:10     | Killed a two-headed ogre
  8474 | D:10     | HP: 3/79 [melvinkitnick's ghost (9)]
  8475 | D:10     | Annihilated by melvinkitnick's ghost

Skill      XL: |  1  2  3  4  5  6  7  8  9 10 |
---------------+-------------------------------+-----
Spellcasting   | 5 6 7 |  7.5
Invocations    | 1 2 3 4 5 6 |  6.1
Short Blades   | 1 2 3 4 5 |  5.5
Long Blades    | 1 2 3 4 5 |  5.5
Maces & Flails | 1 2 3 4 5 |  5.5
Polearms       | 1 2 3 4 5 |  5.5
Staves         | 1 2 3 4 5 |  5.5
Slings         | 1 2 3 4 5 |  5.5
Bows           | 1 2 3 4 5 |  5.5
Crossbows      | 1 2 3 4 5 |  5.5
Throwing       | 1 2 3 4 5 |  5.5
Stealth        | 1 2 3 4 5 |  5.5
Shields        | 1 2 3 4 5 |  5.5
Unarmed Combat | 1 2 3 4 5 |  5.5
Evocations     | 1 2 3 4 5 |  5.5
Conjurations   | 1 2 3 4 |  4.5
Hexes          | 1 2 3 4 |  4.5
Summonings     | 1 2 3 4 |  4.5
Necromancy     | 1 2 3 4 |  4.5
Translocations | 1 2 3 4 |  4.5
Transmutations | 1 2 3 4 |  4.5
Fire Magic     | 1 2 3 4 |  4.5
Ice Magic      | 1 2 3 4 |  4.5
Air Magic      | 1 2 3 4 |  4.5
Earth Magic    | 1 2 3 4 |  4.5
Poison Magic   | 1 2 3 4 |  4.5
Armour         | 3 4 5 6 |  6.2
Fighting       | 5 6 7 |  7.3
Axes           | 5 6 7 |  7.3
Dodging        | 5 6 7 |  7.3
Charms         | 6 7 |  7.2

Action                   |  1- 3 |  4- 6 |  7- 9 | 10-12 || total
-------------------------+-------+-------+-------+-------++-------
Melee: Hand axe          |   109 |   149 |       |       ||   258
       Bite              |     6 |    17 |    49 |    17 ||    89
       War axe           |       |    23 |   261 |   100 ||   384
 Fire: Hunting sling     |       |     4 |    12 |       ||    16
Throw: Stone             |       |    18 |     7 |       ||    25
       Tomahawk          |       |       |     2 |       ||     2
 Cast: Infusion          |     2 |     4 |     9 |     2 ||    17
       Song of Slaying   |     1 |     5 |     9 |     4 ||    19
       Shroud of Golubri |       |       |     1 |       ||     1
       Spectral Weapon   |       |       |     2 |       ||     2
       Regeneration      |       |       |       |     1 ||     1
Evoke: Deck              |       |       |       |     3 ||     3
  Use: Scroll            |       |       |     9 |       ||     9
       Potion            |       |       |       |     1 ||     1
 Stab: Distracted        |       |       |     2 |       ||     2
       Sleeping          |       |       |     1 |       ||     1
  Eat: Chunk             |     2 |     5 |     8 |     4 ||    19
       Ration            |       |     1 |     1 |     1 ||     3
Armor: Leather armour    |     4 |       |       |       ||     4
       Ring mail         |    45 |     7 |       |       ||    52
       Scale mail        |       |    23 |    69 |    46 ||   138
Dodge: Dodged            |    75 |    75 |   113 |    60 ||   323
Block: Buckler           |    30 |    35 |    77 |    56 ||   198
